 Dungeon Crawl Stone Soup version 0.28-a0-973-ga7f8b01127 (webtiles) character file.

Game seed: 12130800008223909736

732 croobank the Ducker (level 7, -2/60 HPs)
             Began as a Gnoll Monk on Dec 1, 2021.
             Was a Believer of Vehumet.
             Slain by Eustachio (3 damage)
             ... on level 6 of the Dungeon on Dec 2, 2021.
             The game lasted 00:25:45 (4023 turns).

croobank the Ducker (Gnoll Monk)                    Turns: 4023, Time: 00:25:46

Health: -2/60      AC:  6    Str: 12 (13) XL:     7   Next: 73%
Magic:  10/11      EV: 15    Int:  7 (9)  God:    Vehumet [**....]
Gold:   171        SH:  0    Dex: 15 (17) Spells: 7/11 levels left

rFire   + . .      SeeInvis .   a - +3 double sword (holy)
rCold   x . .      Faith    .   (no shield)
rNeg    . . .      Spirit   .   k - +0 leather armour
rPois   .          Reflect  .   (no helmet)
rElec   .          Harm     .   (no cloak)
rCorr   .          Rampage  .   w - +2 pair of gloves {Dex+3}
Will    .....                   (no boots)
Stlth   +++.......              d - amulet of regeneration
HPRegen 1.00/turn               g - ring of fire
MPRegen 0.12/turn               (no ring)

@: lethally poisoned (-2 -> -3), attractive
A: fangs 1, strong nose, distributed training
a: Renounce Religion


You were on level 6 of the Dungeon.
You worshipped Vehumet.
Vehumet was pleased with you.
You visited 2 branches of the dungeon, and saw 7 of its levels.

You collected 343 gold pieces.
You spent 172 gold pieces at shops.

Inventory:

Hand Weapons
 a - a +3 double sword of holy wrath (weapon)
 b - a +0 vorpal hunting sling
 f - a +0 long sword
 m - a +0 falchion
 u - a +1 scythe of protection
Missiles
 c - 10 poisoned darts (quivered)
 e - 2 atropa-tipped darts
 j - 97 arrows
 n - 56 stones
 s - 11 sling bullets
 x - 5 curare-tipped darts
 B - a boomerang
 F - 16 bolts
Armour
 k - a +0 leather armour (worn)
 q - a +0 chain mail
 v - a +1 robe of cold resistance
 w - a +2 pair of gloves of dexterity (worn)
 C - a +0 scale mail
Magical Staves
 A - a staff of conjuration
 I - a staff of cold
Jewellery
 d - an amulet of regeneration (around neck)
 g - a ring of fire (left hand)
Wands
 G - a wand of iceblast (6)
Scrolls
 h - 2 scrolls of immolation
 l - 3 scrolls of acquirement
 o - 3 scrolls of enchant armour
 r - a scroll of teleportation
 y - 2 scrolls of noise {unknown}
 z - a scroll of fear {unknown}
 E - 2 scrolls of fog {unknown}
Potions
 i - a potion of flight


   Skills:
 + Level 7.1 Fighting
 + Level 2.6 Short Blades
 + Level 7.1 Long Blades
 + Level 2.6 Axes
 + Level 2.6 Maces & Flails
 + Level 2.6 Polearms
 + Level 2.6 Staves
 + Level 2.6 Slings
 + Level 2.6 Bows
 + Level 2.6 Crossbows
 + Level 2.6 Throwing
 + Level 2.6 Armour
 + Level 7.1 Dodging
 + Level 5.0 Stealth
 + Level 2.6 Shields
 + Level 2.6 Unarmed Combat
 + Level 2.6 Spellcasting
 + Level 2.1 Conjurations
 + Level 2.1 Hexes
 + Level 2.1 Summonings
 + Level 2.1 Necromancy
 + Level 2.1 Translocations
 + Level 2.1 Transmutations
 + Level 2.1 Fire Magic
 + Level 2.1 Ice Magic
 + Level 2.1 Air Magic
 + Level 2.1 Earth Magic
 + Level 2.1 Poison Magic
 + Level 3.0 Invocations
 + Level 2.6 Evocations


You had 7 spell levels left.
You knew the following spells:

 Your Spells              Type           Power      Damage    Failure   Level
a - Apportation           Tloc           6%         N/A       19%         1
b - Foxfire               Conj/Fire      20%        2x1d5     19%         1
c - Searing Ray           Conj           6%         2d4       28%         2

Your spell library contained the following spells:

 Spells                   Type           Power      Damage    Failure   Level
 Animate Skeleton         Necr           6%         N/A       19%         1
 Summon Small Mammal      Summ           12%        N/A       19%         1
 Alistair's Intoxication  Tmut/Pois      2%         N/A       99%         5


Dungeon Overview and Level Annotations

Branches:
Dungeon (6/15)             Temple (1/1) D:4

Altars:
Ashenzari
Cheibriados
Dithmenos
Elyvilon
Fedhas
Gozag
Hepliaklqana
Kikubaaqudgha
Makhleb
Nemelex Xobeh
Okawaru
Qazlal
Trog
Uskayaw
Vehumet
Wu Jian
Xom
Zin
The Shining One

Shops:
D:6 [(

Annotations:
D:6 Eustachio


Innate Abilities, Weirdness & Mutations

You have very sharp teeth.
Your uncanny sense of smell can sniff out nearby items.
Your experience applies equally to all skills.


Message History

Found a stone staircase leading up.
* * * LOW HITPOINT WARNING * * *
You feel very sick.
Okay, then.
As you read the scroll labelled RYPSEWACUGG, it crumbles to dust.
It is a scroll of enchant weapon.
Your +2 double sword of holy wrath glows red for a moment.
* * * LOW HITPOINT WARNING * * *
You feel sick.
* * * LOW HITPOINT WARNING * * *
You feel sick. Eustachio is attracted toward you.
Found 15 gold pieces.
* * * LOW HITPOINT WARNING * * *
You feel sick.
Eustachio casts a spell.
Eustachio blinks!
Eustachio is attracted toward you.
* * * LOW HITPOINT WARNING * * *
You feel sick. Eustachio is attracted toward you.
Aiming: Iceblast
Press: ? - help, Shift-Dir - straight line The mass of ice explodes!
The iceblast engulfs Eustachio!!
Eustachio is heavily wounded.
* * * LOW HITPOINT WARNING * * *
You feel sick.
You hear a shout!
Eustachio gestures wildly while chanting.
Aiming: Iceblast
Press: ? - help, Shift-Dir - straight line That beam is likely to hit you.
Continue anyway?
Okay, then.
Aiming: Iceblast
Press: ? - help, Shift-Dir - straight line
Okay, then.
Unknown command.
Unknown command.
As you read the scroll labelled ODOSO HANOR, it crumbles to dust.
Wisps of shadow whirl around you...
It was a scroll of summoning.
* * * LOW HITPOINT WARNING * * *
You feel sick. Eustachio hits you with a +0 rapier.
You die...

.§. ...#
##...# #
#.#..# #.
#..§# #..
#...# #...
#..o#
#...s#@5.#
#....s@..#
#$....####
######


You could see Eustachio (ally target), a shadow imp (summoned, ally target), 2
friendly scorpions and a friendly orc (summoned).

Vanquished Creatures
  Sigmund (D:5)
  Pargi (D:3)
  A sky beast (D:5)
  A black bear (D:4)
  An orc priest (D:6)
  A gnoll shaman (D:5)
  Jessica (D:3)
  An orc wizard (D:6)
  A hound zombie (D:5)
  8 gnolls
  2 adders
  A shadow imp (D:5)
  An ufetubus (D:5)
  An adder zombie (D:5)
  2 worms
  4 dart slugs
  4 orcs
  3 endoplasms (D:1)
  2 giant cockroaches
  4 goblins
  5 hobgoblins
  3 quokkas
  2 ball pythons (D:2)
  3 bats
  2 frilled lizards
  4 kobolds
  3 rats
63 creatures vanquished.

Vanquished Creatures (others)
  19 plants (D:3)
19 creatures vanquished.

Grand Total: 82 creatures vanquished

Notes
Turn   | Place    | Note
-------+----------+-------------------------------------------
     0 | D:1      | croobank the Gnoll Monk began the quest for the Orb.
     0 | D:1      | Reached XP level 1. HP: 23/23 MP: 1/1
   347 | D:1      | Reached XP level 2. HP: 27/29 MP: 2/2
   658 | D:1      | Identified 3 scrolls of acquirement
   658 | D:1      | Acquired a +2 double sword of holy wrath
   936 | D:2      | Reached XP level 3. HP: 35/35 MP: 3/3
  1257 | D:2      | Reached skill level 1 in Invocations
  1774 | D:3      | Noticed Pargi
  1816 | D:3      | Killed Pargi
  1817 | D:3      | Reached skill level 1 in Short Blades
  1817 | D:3      | Reached skill level 1 in Axes
  1817 | D:3      | Reached skill level 1 in Maces & Flails
  1817 | D:3      | Reached skill level 1 in Polearms
  1817 | D:3      | Reached skill level 1 in Staves
  1817 | D:3      | Reached skill level 1 in Slings
  1817 | D:3      | Reached skill level 1 in Bows
  1817 | D:3      | Reached skill level 1 in Crossbows
  1817 | D:3      | Reached skill level 1 in Throwing
  1817 | D:3      | Reached skill level 1 in Armour
  1817 | D:3      | Reached skill level 1 in Shields
  1817 | D:3      | Reached skill level 1 in Unarmed Combat
  1817 | D:3      | Reached skill level 1 in Spellcasting
  1817 | D:3      | Reached skill level 1 in Conjurations
  1817 | D:3      | Reached skill level 1 in Hexes
  1817 | D:3      | Reached skill level 1 in Summonings
  1817 | D:3      | Reached skill level 1 in Necromancy
  1817 | D:3      | Reached skill level 1 in Translocations
  1817 | D:3      | Reached skill level 1 in Transmutations
  1817 | D:3      | Reached skill level 1 in Fire Magic
  1817 | D:3      | Reached skill level 1 in Ice Magic
  1817 | D:3      | Reached skill level 1 in Air Magic
  1817 | D:3      | Reached skill level 1 in Earth Magic
  1817 | D:3      | Reached skill level 1 in Poison Magic
  1817 | D:3      | Reached skill level 1 in Evocations
  1817 | D:3      | Reached XP level 4. HP: 9/41 MP: 4/6
  1817 | D:3      | Reached XP level 5. HP: 11/47 MP: 4/7
  2058 | D:3      | Noticed Jessica
  2063 | D:3      | Killed Jessica
  2646 | D:4      | Found a white marble altar of Elyvilon.
  2703 | D:4      | Learned a level 1 spell: Apportation
  2951 | D:4      | Found a staircase to the Ecumenical Temple.
  2957 | Temple   | Entered the Ecumenical Temple
  2971 | Temple   | Became a worshipper of Vehumet
  2971 | Temple   | Reached * piety under Vehumet
  2971 | Temple   | Offered knowledge of Foxfire by Vehumet.
  2971 | Temple   | Reached ** piety under Vehumet
  2974 | Temple   | Learned a level 1 spell: Foxfire
  3096 | D:4      | Noticed a black bear
  3155 | D:4      | Killed a black bear
  3156 | D:4      | Reached XP level 6. HP: 52/53 MP: 8/8
  3334 | D:4      | Offered knowledge of Searing Ray by Vehumet.
  3338 | D:4      | Learned a level 2 spell: Searing Ray
  3479 | D:5      | Entered Level 5 of the Dungeon
  3687 | D:5      | Noticed a sky beast
  3699 | D:5      | Killed a sky beast
  3700 | D:5      | Reached XP level 7. HP: 55/60 MP: 10/10
  3806 | D:5      | Noticed Sigmund
  3825 | D:5      | Killed Sigmund
  3826 | D:5      | Reached skill level 5 in Stealth
  3959 | D:6      | Found Ygyota's Weapon Shop.
  3980 | D:6      | Found Hicsephi's Antique Armour Boutique.
  3988 | D:6      | Bought a pair of glowing gloves for 172 gold pieces
  4017 | D:6      | Noticed Eustachio
  4017 | D:6      | HP: 3/60 [poisoned by an orc priest]
  4019 | D:6      | HP: 1/60 [poisoned by an orc priest]
  4023 | D:6      | Slain by Eustachio

Illustrated notes

Levels and vault maps discovered:
D:1:      minmay_arrival_checkered_box, layout_basic, minmay_pentomino_q2
D:2:      layout_loops_cross
D:3:      layout_loops_corners, serial_bayou, serial_bayou_pond_c,
          serial_bayou_lagoon_b, serial_bayou_pond_c, serial_bayou_pond_e,
          uniq_pargi, uniq_jessica
D:4:      layout_basic, marbit_many_paths, minmay_temple_entry_enclosed_plants,
          hex_intersection
D:5:      layout_rooms, uniq_sigmund
D:6:      layout_rooms, serial_shops, shop, nicolae_diamond_shop,
          nicolae_shop_advertising_works [nicolae_subvault_shop_adworks], shop,
          chequers_serial_rivers_micro_a, uniq_eustachio
Temple:   mainiacjoe_temple_coin_purse

Skill      XL: |  1  2  3  4  5  6  7 |
---------------+----------------------+-----
Invocations    | 1 2 3 |  3.0
Short Blades   | 1 2 |  2.6
Axes           | 1 2 |  2.6
Maces & Flails | 1 2 |  2.6
Polearms       | 1 2 |  2.6
Staves         | 1 2 |  2.6
Slings         | 1 2 |  2.6
Bows           | 1 2 |  2.6
Crossbows      | 1 2 |  2.6
Throwing       | 1 2 |  2.6
Armour         | 1 2 |  2.6
Shields        | 1 2 |  2.6
Unarmed Combat | 1 2 |  2.6
Spellcasting   | 1 2 |  2.6
Conjurations   | 1 2 |  2.1
Hexes          | 1 2 |  2.1
Summonings     | 1 2 |  2.1
Necromancy     | 1 2 |  2.1
Translocations | 1 2 |  2.1
Transmutations | 1 2 |  2.1
Fire Magic     | 1 2 |  2.1
Ice Magic      | 1 2 |  2.1
Air Magic      | 1 2 |  2.1
Earth Magic    | 1 2 |  2.1
Poison Magic   | 1 2 |  2.1
Evocations     | 1 2 |  2.6
Fighting       | 7 |  7.1
Long Blades    | 7 |  7.1
Dodging        | 7 |  7.1
Stealth        | 5 |  5.0

Action                   |  1- 3 |  4- 6 |  7- 9 || total
-------------------------+-------+-------+-------++-------
Melee: Falchion          |    33 |       |       ||    33
       Double sword      |    52 |    66 |    29 ||   147
       Bite              |     7 |     4 |     3 ||    14
 Fire: Hunting sling     |     1 |       |       ||     1
Throw: Dart              |       |     2 |       ||     2
       Throwing net      |       |       |     1 ||     1
 Cast: Apportation       |       |     1 |       ||     1
Evoke: Wand              |       |       |     1 ||     1
  Use: Scroll            |     4 |     2 |     3 ||     9
       Potion            |     1 |       |     3 ||     4
 Stab: Sleeping          |     6 |     4 |       ||    10
Armor: Robe              |     9 |       |       ||     9
       Leather armour    |       |     9 |     5 ||    14
Dodge: Dodged            |    60 |    57 |    23 ||   140

Table legend: (Time is in decaauts)
 A = Elapsed time spent in this place.
 B = Non-inter-level travel time spent in this place.
 C = Inter-level travel time spent in this place.
 D = Time resting spent in this place.
 E = Time spent auto-exploring this place.
 F = Levels seen in this place.
 G = Mean time per level.
                   A        B        C        D        E       F      G
               +--------+--------+--------+--------+--------+-----+--------+
         Total |   4098 |   3978 |    120 |    162 |   2791 |   7 |  585.4 |
       Dungeon |   3982 |   3875 |    107 |    162 |   2712 |   6 |  663.7 |
        Temple |    115 |    102 |     13 |      0 |     79 |   1 |  115.0 |
               +--------+--------+--------+--------+--------+-----+--------+

Top non-repeatable levels by time:
     D:3: 1061 daAuts
     D:1: 925 daAuts
     D:4: 764 daAuts
     D:2: 678 daAuts
     D:5: 485 daAuts
  Temple: 115 daAuts
     D:6: 66 daAuts
